 Dungeon Crawl Stone Soup version 0.28.0-53-g5a82cb258f (webtiles) character file.

Game seed: 2128403309726562619

13 DemonSlayer the Firebug (level 2, 0/19 HPs)
             Began as a Demonspawn Fire Elementalist on Aug 23, 2022.
             Slain by a quokka (2 damage)
             ... on level 1 of the Dungeon.
             The game lasted 00:01:52 (510 turns).

DemonSlayer the Firebug (DsFE)                       Turns: 510, Time: 00:01:52

Health: 0/19       AC:  2    Str:  8    XL:     2   Next: 24%
Magic:  0/5        EV: 12    Int: 16    God:
Gold:   22         SH:  0    Dex: 13    Spells: 4/5 levels left

rFire   . . .      SeeInvis .   d - +0 dagger
rCold   . . .      Faith    .   (no shield)
rNeg    . . .      Spirit   .   a - +0 robe
rPois   .          Reflect  .   (no helmet)
rElec   .          Harm     .   (no cloak)
rCorr   .          Rampage  .   (no gloves)
Will    .....                   (no boots)
Stlth   ++........              (no amulet)
HPRegen 0.06/turn               (no ring)
MPRegen 0.09/turn               (no ring)

@: no status effects
A: claws 1
a: no special abilities


You were on level 1 of the Dungeon.
You visited 1 branch of the dungeon, and saw 1 of its levels.

You collected 22 gold pieces.

Inventory:

Hand Weapons
 d - a +0 dagger (weapon)
Missiles
 c - 4 javelins
Armour
 a - a +0 robe (worn)
Scrolls
 b - a scroll of blinking {unknown}


   Skills:
 + Level 0.1 Short Blades
 + Level 1.7 Dodging
 + Level 1.7 Stealth
 + Level 2.2 Spellcasting
 + Level 1.0 Conjurations
 + Level 3.1 Fire Magic


You had 4 spell levels left.
You knew the following spells:

 Your Spells              Type           Power      Damage    Failure   Level
a - Foxfire               Conj/Fire      32%        2x1d5     9%          1

Your spell library contained the following spells:

 Spells                   Type           Power      Damage    Failure   Level
 Scorch                   Fire           22%        2d6       9%          2
 Conjure Flame            Conj/Fire      8%         6-21      26%         3
 Inner Flame              Hex/Fire       6%         N/A       32%         3
 Flame Wave               Conj/Fire      8%         2d5       65%         4


Dungeon Overview and Level Annotations

Branches:
Dungeon (1/15)

Altars:


Innate Abilities, Weirdness & Mutations

You have sharp fingernails.


Message History

The foxfire hits the quokka but does no damage.
The foxfire hits the quokka.
The quokka is moderately wounded.
The quokka barely misses you.
The quokka bites you but does no damage.
The quokka bites you.
The quokka twitches its whiskers.
You miscast Foxfire.
You are very lightly contaminated with residual magic.
Nothing appears to happen.
The quokka bites you but does no damage.
You conjure some foxfire!
The quokka barely misses you. The quokka bites you.
You hit the quokka.
The quokka is lightly wounded.
The foxfire hits the quokka.
The quokka is heavily wounded.
The foxfire hits the quokka.
The quokka is almost dead.
The quokka closely misses you. The quokka barely misses you.
You miss the quokka.
The quokka is almost dead.
The quokka misses you. The quokka barely misses you.
You closely miss the quokka.
The quokka is almost dead.
The quokka closely misses you. x2; The quokka barely misses you.
You closely miss the quokka.
The quokka is almost dead.
The quokka barely misses you. The quokka closely misses you.
The quokka bites you.
You hit the quokka but do no damage.
The quokka is almost dead.
The quokka bites you.
* * * LOW HITPOINT WARNING * * *
The quokka barely misses you.
Your magical contamination has completely faded away.
You aren't carrying any potions.
The quokka bites you.
* * * LOW HITPOINT WARNING * * *
The quokka bites you.
You die...

........###########.#........#
####..............#.#..#####.#
#..###########.#.#......#.#
..... .. #.#.#........# #..#.
#. #.#.#.######## #. ..
#####.##.#........... # ..
.............######## ...
.......rr....# .......@.....#
#.#.......÷..# #............#
###..........####
..>.....###....#
############.##.#
.....§§.........#
.#######.#.#.#..# ##.#.#...#


You could see 2 quokkas.

Vanquished Creatures
  A dart slug (D:1)
  3 endoplasms (D:1)
  A hobgoblin (D:1)
  A kobold (D:1)
  2 ball pythons (D:1)
  2 bats (D:1)
  A rat (D:1)
11 creatures vanquished.

Vanquished Creatures (others)
  32 foxfires (D:1)
32 creatures vanquished.

Grand Total: 43 creatures vanquished

Notes
Turn   | Place    | Note
-------+----------+-------------------------------------------
     0 | D:1      | DemonSlayer the Demonspawn Fire Elementalist began the
                  | quest for the Orb.
     0 | D:1      | Reached XP level 1. HP: 13/13 MP: 3/3
   182 | D:1      | Reached skill level 3 in Fire Magic
   182 | D:1      | Discovered your monstrous ancestry.
   182 | D:1      | Gained mutation: You have sharp fingernails. [demonic
                  | ancestry]
   182 | D:1      | Reached XP level 2. HP: 6/19 MP: 1/5
   510 | D:1      | Slain by a quokka

Illustrated notes

Levels and vault maps discovered:
D:1:      scummos_arrival_simple_fountains, layout_basic,
          chequers_serial_rivers_room_b, amethyst_killhole,
          minmay_tiny_reverse_x

Skill      XL: |  1 |
---------------+----+-----
Fire Magic     | 3 |  3.1
Short Blades   | |  0.1
Dodging        | |  1.7
Stealth        | |  1.7
Spellcasting   | |  2.2
Conjurations   | |  1.0

Action                   || total
-------------------------++-------
Melee: Unarmed           ||     6
       Dagger            ||    11
 Cast: Foxfire           ||    18
 Stab: Sleeping          ||     1
Armor: Robe              ||     4
Dodge: Dodged            ||    29
